 Dungeon Crawl Stone Soup version 0.20-a0-960-ge493e74 (webtiles) character file.

1022 Murumi the Covert (level 8, -1/68 HPs)
             Began as a Naga Assassin on Apr 7, 2017.
             Slain by Pikel
             ... wielding a +0 whip of freezing
              (7 damage)
             ... on level 6 of the Dungeon.
             The game lasted 00:22:28 (4519 turns).

Murumi the Covert (Naga Assassin)                   Turns: 4519, Time: 00:22:30

Health: -1/68      AC:  5    Str: 18    XL:     8   Next: 22%
Magic:  9/9        EV: 16    Int: 16    God:
Gold:   322        SH:  0    Dex: 14    Spells: 7/7 levels left

rFire    . . .     SeeInvis +   a - +2 dagger
rCold    . . .     Gourm    .   (no shield)
rNeg     . . .     Faith    .   c - +0 robe
rPois    +         Spirit   .   (no helmet)
rElec    .         Reflect  .   d - +1 cloak
rCorr    .         Harm     .   (no gloves)
MR       +....                  (no barding)
Stlth    +++++.....             (no amulet)
Regen    0.3/turn               h - +3 ring of strength
MPRegen  0.2/turn               j - +5 ring of evasion

@: brilliant, flying (expiring), hasted, quick
A: see invisible, deformed body, poison resistance, slowness 2, slow metabolism
1, spit poison 1, evolution 1, sturdy frame 1, AC +2
a: Spit Poison


You were on level 6 of the Dungeon.
You were very hungry.

You visited 1 branch of the dungeon, and saw 6 of its levels.

You collected 322 gold pieces.

Inventory:

Hand Weapons
 a - a +2 dagger (weapon)
 b - a +0 blowgun
Missiles
 e - 28 poisoned needles
 f - 2 curare-tipped needles
 i - 259 stones (quivered)
Armour
 c - a +0 robe (worn)
 d - a +1 cloak (worn)
Jewellery
 h - a +3 ring of strength (left hand)
 j - a +5 ring of evasion (right hand)
Wands
 q - a wand of lightning (14/15)
 t - a wand of lightning (2/15)
 v - a wand of paralysis (17/24)
 w - a wand of lightning (6/15)
Scrolls
 y - 2 scrolls of remove curse
Potions
 m - a potion of resistance
 n - 3 potions of curing
 o - a potion of brilliance
Comestibles
 g - 2 bread rations
 l - 2 meat rations
 p - 6 fruits
 s - a royal jelly


   Skills:
 + Level 2.7 Fighting
 - Level 3.1 Short Blades
 - Level 2.0 Throwing
 - Level 3.4 Dodging
 - Level 12.1 Stealth
 - Level 2.4 Evocations


You had 7 spell levels left.
You didn't know any spells.

Dungeon Overview and Level Annotations

Branches:
Dungeon (6/15)
 Temple: D:4-7

Altars:
Dithmenos
Hepliaklqana

Annotations:
D:6 Blork the orc, Pikel


Innate Abilities, Weirdness & Mutations

You cannot wear boots.
Your serpentine skin is tough. (AC +2)
You have supernaturally acute eyesight. (SInv)
Armour fits poorly on your strangely shaped body.
Your system is resistant to poisons. (rPois)
You cover ground very slowly.
You have a slow metabolism.
You can spit poison.
You evolve.
Your movements are slightly less encumbered by armour. (ER -2)


Message History

Okay, then.
Okay, then.
You hit Pikel.
Pikel is lightly wounded.
Blork the orc closely misses you.
You closely miss Pikel.
Pikel is lightly wounded.
The orc misses you. Pikel misses you.
You hit Pikel.
Pikel is lightly wounded.
Blork the orc casts a spell at you. The magic dart hits you!
* * * LOW HITPOINT WARNING * * *
You hit Pikel.
Pikel is moderately wounded.
You have got your breath back.
The orc closely misses you.
Blork the orc hits you but does no damage.
Pikel hits you with a whip of freezing!
You die...

#...(.....o......##.
#...................
#.....(....$........
#....(...........)..
#...(...........##..
###o###.##..$...#
#o# #.....###..# #o#
###..## #.... #@#
#...# ##.. #K#
##...# #. #p# .....#
#. #p# .....# #. #p.
.p.o..# . #..
p....o###### #..
.......#..... #...
.........K.
...........


You could see Pikel, Blork the orc, 3 slaves and 2 orcs.

Vanquished Creatures
  Sigmund (D:4)
  Edmund (D:4)
  A slave (D:6)
  A phantom (D:4)
  2 ogres
  A scorpion (D:4)
  A bullfrog zombie (D:5)
  An orc priest (D:3)
  A hound (D:3)
  A bullfrog skeleton (D:5)
  Ijyb (D:3)
  An orc wizard (D:6)
  3 worker ants
  7 adders
  3 gnolls (D:3)
  2 worms
  3 dart slugs
  5 leopard geckos
  9 orcs
  13 bats
  3 giant cockroaches
  6 goblins
  6 hobgoblins
  3 jackals (D:2)
  2 ball pythons (D:1)
  4 frilled lizards
  11 kobolds
  10 rats
103 creatures vanquished.

Notes
Turn   | Place    | Note
-------+----------+-------------------------------------------
     0 | D:1      | Murumi the Naga Assassin began the quest for the Orb.
     0 | D:1      | Reached XP level 1. HP: 19/19 MP: 1/1
    23 | D:1      | Reached skill level 6 in Stealth
    38 | D:1      | Reached skill level 1 in Dodging
   388 | D:1      | Reached XP level 2. HP: 26/26 MP: 2/2
   744 | D:1      | Reached XP level 3. HP: 25/32 MP: 3/3
   750 | D:1      | Reached skill level 7 in Stealth
  1485 | D:2      | Reached XP level 4. HP: 39/39 MP: 4/4
  1503 | D:2      | Reached skill level 8 in Stealth
  1963 | D:3      | Noticed Ijyb
  1966 | D:3      | Killed Ijyb
  1966 | D:3      | Reached skill level 9 in Stealth
  1966 | D:3      | Reached XP level 5. HP: 45/45 MP: 5/5
  2046 | D:3      | Reached skill level 1 in Evocations
  2641 | D:3      | Reached XP level 6. HP: 52/52 MP: 7/7
  2848 | D:3      | You fall through a shaft for 2 floors!
  2848 | D:5      | Entered Level 5 of the Dungeon
  2916 | D:5      | Reached skill level 10 in Stealth
  3069 | D:4      | Noticed Edmund
  3085 | D:4      | Killed Edmund
  3085 | D:4      | Reached skill level 11 in Stealth
  3085 | D:4      | Reached XP level 7. HP: 48/60 MP: 8/8
  3161 | D:4      | Reached skill level 12 in Stealth
  3178 | D:4      | Noticed Sigmund
  3181 | D:4      | Killed Sigmund
  3271 | D:4      | Reached XP level 8. HP: 67/67 MP: 9/9
  3430 | D:5      | Found a hazy altar of Hepliaklqana.
  4299 | D:6      | Noticed Pikel
  4433 | D:6      | Found a shadowy altar of Dithmenos.
  4478 | D:6      | Noticed Blork the orc
  4500 | D:6      | Gained mutation: Your movements are slightly less encumbered by armour. (ER -2) [potion of mutation]
  4500 | D:6      | Gained mutation: You evolve. [potion of mutation]
  4519 | D:6      | Slain by Pikel

Vault maps used:
D:1:      minmay_arrival_three_doors
D:3:      first_bread, uniq_iyjb
D:4:      uniq_edmund, uniq_sigmund
D:5:      lemuel_crystal_altar
D:6:      basic_altar, uniq_blork_the_orc, uniq_pikel

Skill      XL: |  1  2  3  4  5  6  7  8 |
---------------+-------------------------+-----
Stealth        | 6 7 9 11 12 | 12.1
Dodging        | 1 3 |  3.4
Throwing       | 2 |  2.0
Evocations     | 2 |  2.4
Short Blades   | 3 |  3.1
Fighting       | |  2.7

Action                   |  1- 3 |  4- 6 |  7- 9 || total
-------------------------+-------+-------+-------++-------
Melee: Dagger            |   117 |   148 |    86 ||   351
 Fire: Blowgun           |       |     4 |       ||     4
Throw: Stone             |     2 |     7 |     2 ||    11
       Tomahawk          |       |    14 |     4 ||    18
 Abil: Spit Poison       |     3 |     6 |     3 ||    12
  Use: Scroll            |     5 |     4 |     1 ||    10
       Potion            |       |       |     8 ||     8
 Stab: Sleeping          |    10 |    12 |     8 ||    30
       Distracted        |       |     1 |       ||     1
  Eat: Chunk             |     1 |     5 |     3 ||     9
Armor: Robe              |    30 |    23 |    16 ||    69
Dodge: Dodged            |    76 |   102 |    66 ||   244
